 Dungeon Crawl Stone Soup version 0.29.0-5-ge4962eb29e (webtiles) character file.

Game seed: 9779054168257573402

5329 themarg the Basher (level 10, -2/76 HPs)
             Began as a Gnoll Wanderer on Aug 29, 2022.
             Was a Priest of Uskayaw.
             Succumbed to a killer bee's poison
             ... on level 8 of the Dungeon.
             The game lasted 00:28:51 (9151 turns).

themarg the Basher (Gnoll Wanderer)                 Turns: 9151, Time: 00:28:51

Health: -2/76      AC: 13    Str: 16    XL:     10   Next: 64%
Magic:  18/18      EV: 13    Int: 11    God:    Uskayaw [***...]
Gold:   517        SH:  0    Dex: 15    Spells: 20/20 levels left

rFire   . . .      SeeInvis .   q - +5 trident of the Aged Violins {elec, *Rage Will++ rCorr Dex+3}
rCold   . . .      Faith    .   (no shield)
rNeg    . . .      Spirit   .   c - +0 ring mail
rPois   .          Reflect  .   k - +2 helmet
rElec   .          Harm     .   u - +0 cloak
rCorr   +          Rampage  .   w - +1 pair of gloves
Will    ++...      Rage     20% (no boots)
Stlth   ++........              (no amulet)
HPRegen 0.22/turn               I - ring of resist corrosion
MPRegen 0.16/turn               (no ring)

@: lethally poisoned (-2 -> -13), on berserk cooldown, attractive, slowed,
studying Unarmed Combat, very slow
A: fangs 1, strong nose, distributed training
a: Renounce Religion, Stomp, Line Pass


You were on level 8 of the Dungeon.
You worshipped Uskayaw.
Uskayaw was noncommittal.
You visited 2 branches of the dungeon, and saw 9 of its levels.
You also visited: Sewer and Ossuary.

You collected 517 gold pieces.

Inventory:

Hand Weapons
 q - the +5 trident of the Aged Violins (weapon) {elec, *Rage Will++ rCorr Dex+3}
   (You found it on level 2 of the Dungeon)

   It occasionally discharges a powerful burst of electricity upon striking a
   foe.
   Dex:       It affects your dexterity (+3).
   *Rage:     It berserks you when you make melee attacks (+20% chance).
   rCorr:     It protects you from acid and corrosion.
   Will:      It greatly increases your willpower.
 D - a +2 hand axe of flaming
Missiles
 e - 42 poisoned darts (quivered)
 s - a throwing net
Armour
 c - a +0 ring mail (worn)
 d - a +0 kite shield
 k - a +2 helmet (worn)
 u - a +0 cloak (worn)
 w - a +1 pair of gloves (worn)
Jewellery
 I - a ring of resist corrosion (left hand)
Wands
 a - a wand of paralysis (3)
 b - a wand of roots (6)
 E - a wand of polymorph (13)
 J - a wand of mindburst (11)
Scrolls
 f - 2 scrolls of blinking {unknown}
 g - 4 scrolls of silence {unknown}
 i - a scroll of poison {unknown}
 l - 3 scrolls of teleportation {unknown}
 m - 6 scrolls of noise {unknown}
 o - 2 scrolls of butterflies
 t - 8 scrolls of identify {unknown}
 v - a scroll of magic mapping {unknown}
 y - 2 scrolls of vulnerability {unknown}
 A - 4 scrolls of enchant weapon {unknown}
 B - 2 scrolls of immolation {unknown}
 C - 3 scrolls of amnesia {unknown}
 G - 2 scrolls of torment {unknown}
Potions
 h - 2 potions of mutation {unknown}
 j - 2 potions of brilliance
 n - 3 potions of flight
 p - 4 potions of degeneration {unknown}
 r - 2 potions of curing
 x - a potion of heal wounds {unknown}
 z - a potion of might {unknown}
 F - a potion of haste {unknown}
 H - 3 potions of attraction
 K - a potion of invisibility {unknown}


   Skills:
 + Level 5.7 Fighting
 + Level 5.7 Short Blades
 + Level 7.4 Long Blades
 + Level 5.7 Axes
 + Level 10.3 Maces & Flails
 + Level 5.7 Polearms
 + Level 5.7 Staves
 + Level 5.7 Ranged Weapons
 + Level 6.3 Throwing
 + Level 7.4 Armour
 + Level 6.3 Dodging
 + Level 5.7 Stealth
 + Level 5.7 Shields
 + Level 6.3 Unarmed Combat
 + Level 5.7 Spellcasting
 + Level 4.7 Conjurations
 + Level 4.7 Hexes
 + Level 4.7 Summonings
 + Level 4.7 Necromancy
 + Level 4.7 Translocations
 + Level 4.7 Transmutations
 + Level 4.7 Fire Magic
 + Level 4.7 Ice Magic
 + Level 4.7 Air Magic
 + Level 4.7 Earth Magic
 + Level 4.7 Poison Magic
 + Level 6.2 Invocations
 + Level 5.7 Evocations


You had 20 spell levels left.
You didn't know any spells.
Your spell library contained the following spells:

 Spells                   Type           Power      Damage    Failure   Level
 Summon Small Mammal      Summ           52%        N/A       4%          1
 Call Canine Familiar     Summ           13%        N/A       16%         3
 Summon Guardian Golem    Hex/Summ       13%        N/A       16%         3
 Orb of Destruction       Conj           6%         9d6       100%        7
 Spellforged Servitor     Conj/Summ      6%         N/A       100%        7


Dungeon Overview and Level Annotations

Branches:
Dungeon (8/15)             Temple (1/1) D:6           Sewer (visited)
Ossuary (visited)
   Lair: D:8-11

Altars:
Cheibriados
Dithmenos
Elyvilon
Fedhas
Gozag
Hepliaklqana
Kikubaaqudgha
Makhleb
Okawaru
Trog
Uskayaw
Vehumet
Wu Jian
Xom
Yredelemnul
Zin
The Shining One

Shops:
D:6 (

Annotations:
Temple 2 transporters


Innate Abilities, Weirdness & Mutations

You have very sharp teeth.
Your uncanny sense of smell can sniff out nearby items.
Your experience applies equally to all skills.


Message History

You are more poisoned.
The killer bee poisons you!
The killer bee stings you but does no damage. x2
The killer bee barely misses you. x2; The killer bee completely misses you.
You feel better.
The killer bee is no longer paralysed. x2
The killer bee barely misses you.
The killer bee stings you but does no damage.
The killer bee misses you. The killer bee closely misses you. x2
The killer bee barely misses you. The killer bee closely misses you.
The killer bee stings you but does no damage. x2
The killer bee closely misses you. The killer bee stings you!
* * * LOW HITPOINT WARNING * * *
The killer bee stings you but does no damage.
The killer bee closely misses you. The killer bee misses you.
You see here a killer bee corpse.
You hit the killer bee. Your bite misses the killer bee.
The killer bee is moderately wounded.
The killer bee stings you but does no damage.
The killer bee stings you.
* * * LOW HITPOINT WARNING * * *
The killer bee misses you. The killer bee stings you.
* * * LOW HITPOINT WARNING * * *
The killer bee closely misses you.
The killer bee stings you but does no damage.
You closely miss the killer bee.
The killer bee is moderately wounded.
The killer bee stings you.
* * * LOW HITPOINT WARNING * * *
The killer bee stings you.
* * * LOW HITPOINT WARNING * * *
The killer bee stings you.
* * * LOW HITPOINT WARNING * * *
You are lethally poisoned!
The killer bee poisons you!
The killer bee stings you but does no damage. x2
The killer bee stings you.
* * * LOW HITPOINT WARNING * * *
It was a potion of attraction.
You feel attractive to monsters.
You die...

..............[.[....
.. ........###..####.P.
... #..##..#.[<.####...
..###..##.)8..#....#..#
........8.).#####...##
#...##).8...# ###[###
...##......###......
#.#yy.###..........
#.@yy.# ####.......
#..###..# ###.......
#... .#..###.........
#..## ................
.... ........#.##....
#... ......)......#..
... .##.............
... .....#........).
####.##.......gg


You could see 4 killer bees.

Vanquished Creatures
  A two-headed ogre (D:6)
  Pikel (D:7)
  A hornet (D:6)
  Sigmund (D:3)
  A wyvern (D:7)
  A shadow (D:6)
  An acid dragon (D:7)
  2 water moccasins
  Menkaure (D:6)
  2 black bears
  A hornet zombie (D:8)
  4 ice beasts
  4 ogres
  A sky beast (D:7)
  2 centaurs (D:6)
  A lemure (D:7)
  3 kobold brigands
  Blork the orc (D:6)
  A bullfrog (D:8)
  3 scorpions
  7 wights
  A wyvern zombie (D:8)
  2 killer bees (D:8)
  A howler monkey (D:5)
  5 centaur zombies
  3 hounds
  3 human zombies (Ossuary)
  A gnoll bouda (D:7)
  4 orc priests
  An iguana (D:6)
  2 orc wizards
  2 mummies (Ossuary)
  A howler monkey zombie (D:8)
  4 adders
  13 gnolls
  A shadow imp (D:6)
  3 white imps (D:6)
  An ufetubus (D:6)
  2 worms
  A dart slug (D:4)
  16 orcs
  3 bats
  3 endoplasms
  5 giant cockroaches (D:3)
  7 goblins
  6 hobgoblins
  5 jackals
  5 quokkas
  5 ball pythons
  4 frilled lizards
  A goblin zombie (Ossuary)
  9 hobgoblin zombies (Ossuary)
  2 jackal zombies (Ossuary)
  20 kobolds
  9 kobold zombies (Ossuary)
  9 orc zombies (Ossuary)
  4 rats
  3 rat zombies (Ossuary)
207 creatures vanquished.

Vanquished Creatures (others)
  3 withered plants (D:8)
3 creatures vanquished.

Grand Total: 210 creatures vanquished

Notes
Turn   | Place    | Note
-------+----------+-------------------------------------------
     0 | D:1      | themarg the Gnoll Wanderer began the quest for the Orb.
     0 | D:1      | themarg set off with the following items: a +2 mace, a +0
                  | falchion, a +0 ring mail, a potion of lignification.
     0 | D:1      | Reached XP level 1. HP: 13/13 MP: 1/1
   327 | D:1      | Reached XP level 2. HP: 19/19 MP: 2/2
   616 | D:1      | Found a faded altar of an unknown god.
   724 | D:2      | Identified the +5 trident of the Aged Violins {elec, *Rage
                  | Will++ rCorr Dex+3}
   993 | D:2      | Reached XP level 3. HP: 25/25 MP: 3/3
  1442 | D:3      | Reached skill level 1 in Invocations
  1443 | D:3      | Found a glowing drain.
  1486 | Sewer    | Entered a sewer
  1513 | Sewer    | Noticed a water moccasin
  1525 | Sewer    | Killed a water moccasin
  1526 | Sewer    | Reached skill level 1 in Fighting
  1526 | Sewer    | Reached skill level 1 in Short Blades
  1526 | Sewer    | Reached skill level 1 in Axes
  1526 | Sewer    | Reached skill level 1 in Polearms
  1526 | Sewer    | Reached skill level 1 in Staves
  1526 | Sewer    | Reached skill level 1 in Ranged Weapons
  1526 | Sewer    | Reached skill level 1 in Stealth
  1526 | Sewer    | Reached skill level 1 in Shields
  1526 | Sewer    | Reached skill level 1 in Unarmed Combat
  1526 | Sewer    | Reached skill level 1 in Spellcasting
  1526 | Sewer    | Reached skill level 1 in Conjurations
  1526 | Sewer    | Reached skill level 1 in Hexes
  1526 | Sewer    | Reached skill level 1 in Summonings
  1526 | Sewer    | Reached skill level 1 in Necromancy
  1526 | Sewer    | Reached skill level 1 in Translocations
  1526 | Sewer    | Reached skill level 1 in Transmutations
  1526 | Sewer    | Reached skill level 1 in Fire Magic
  1526 | Sewer    | Reached skill level 1 in Ice Magic
  1526 | Sewer    | Reached skill level 1 in Air Magic
  1526 | Sewer    | Reached skill level 1 in Earth Magic
  1526 | Sewer    | Reached skill level 1 in Poison Magic
  1526 | Sewer    | Reached skill level 1 in Evocations
  1526 | Sewer    | Reached XP level 4. HP: 32/32 MP: 4/6
  1526 | Sewer    | Reached XP level 5. HP: 37/37 MP: 4/7
  1726 | D:3      | Noticed Sigmund
  1732 | D:3      | Killed Sigmund
  1733 | D:3      | Reached skill level 5 in Long Blades
  1733 | D:3      | Reached skill level 5 in Armour
  1733 | D:3      | Reached XP level 6. HP: 44/44 MP: 7/9
  2620 | D:4      | Reached XP level 7. HP: 51/51 MP: 10/10
  3406 | D:4      | Found a bloodstained altar of Trog.
  3979 | D:5      | Entered Level 5 of the Dungeon
  4094 | D:5      | Found a sand-covered staircase.
  4101 | Ossuary  | Entered an ossuary
  4280 | Ossuary  | Reached skill level 9 in Maces & Flails
  4482 | D:5      | Reached XP level 8. HP: 24/58 MP: 12/12
  5719 | D:6      | Found a staircase to the Ecumenical Temple.
  5725 | Temple   | Entered the Ecumenical Temple
  5725 | Temple   | Found a transporter.
  5725 | Temple   | Found a transporter.
  5727 | Temple   | Found a transporter.
  5727 | Temple   | Found a transporter.
  5752 | Temple   | Became a worshipper of Uskayaw the Reveller
  5804 | D:6      | Found an ornate altar of the Wu Jian Council.
  5849 | D:6      | Reached * piety under Uskayaw
  5853 | D:6      | Reached ** piety under Uskayaw
  5859 | D:6      | Noticed a hornet
  5859 | D:6      | Noticed Blork the orc
  5862 | D:6      | Reached *** piety under Uskayaw
  5873 | D:6      | Reached **** piety under Uskayaw
  5874 | D:6      | Killed Blork the orc
  5878 | D:6      | Killed a hornet
  5878 | D:6      | Reached ***** piety under Uskayaw
  5879 | D:6      | Reached XP level 9. HP: 8/65 MP: 13/15
  6202 | D:6      | Noticed Menkaure
  6220 | D:6      | Killed Menkaure
  6221 | D:6      | Reached skill level 5 in Throwing
  6221 | D:6      | Reached skill level 5 in Dodging
  6453 | D:6      | Found a radiant altar of Vehumet.
  6828 | D:6      | Found Hiq Kuc's Weapon Boutique.
  7025 | D:6      | Noticed a two-headed ogre
  7034 | D:6      | Killed a two-headed ogre
  7035 | D:6      | Reached skill level 5 in Invocations
  7164 | D:6      | Reached skill level 5 in Fighting
  7164 | D:6      | Reached skill level 5 in Short Blades
  7164 | D:6      | Reached skill level 5 in Axes
  7164 | D:6      | Reached skill level 5 in Polearms
  7164 | D:6      | Reached skill level 5 in Staves
  7164 | D:6      | Reached skill level 5 in Ranged Weapons
  7164 | D:6      | Reached skill level 5 in Stealth
  7164 | D:6      | Reached skill level 5 in Shields
  7164 | D:6      | Reached skill level 5 in Unarmed Combat
  7164 | D:6      | Reached skill level 5 in Spellcasting
  7164 | D:6      | Reached skill level 5 in Evocations
  7164 | D:6      | Reached XP level 10. HP: 74/74 MP: 17/17
  7350 | D:7      | Noticed Pikel
  7355 | D:7      | Killed Pikel
  7356 | D:7      | Reached skill level 10 in Maces & Flails
  8193 | D:7      | Found a white marble altar of Elyvilon.
  8748 | D:7      | HP: 2/75 [acid dragon (3)]
  9150 | D:8      | HP: 1/76 [killer bee (3)]
  9151 | D:8      | Succumbed to a killer bee's poison

Illustrated notes

Levels and vault maps discovered:
D:1:      tarquinn_simple_flora_water_a, layout_rooms,
          hellmonk_ecumenical_altar_zigzags
D:2:      layout_basic
D:3:      layout_loops_corners, gup_sewer_entry_pipe, grunt_decor_mini_mirrors,
          uniq_sigmund
D:4:      layout_layer_cave, trog_book
D:5:      layout_loops_ring, chequers_ossuary_entry_cave
D:6:      layout_loops_ring, mainiacjoe_overflow_alcove_1, old_standard_altar,
          minmay_temple_entry_enclosed_plants, serial_shops, shop,
          minmay_manual_monolith, uniq_blork_the_orc, uniq_menkaure
D:7:      layout_basic, old_standard_altar, uniq_pikel
D:8:      layout_rooms, serial_undead, serial_undead_c, serial_undead_e,
          serial_undead_b, serial_undead_e, serial_undead_a, serial_undead_b
Temple:   hellmonk_temple_divided_pantheon

Skill      XL: |  1  2  3  4  5  6  7  8  9 10 |
---------------+-------------------------------+-----
Invocations    | 1 2 3 4 5 6 |  6.2
Fighting       | 1 2 3 4 5 |  5.7
Short Blades   | 1 2 3 4 5 |  5.7
Axes           | 1 2 3 4 5 |  5.7
Polearms       | 1 2 3 4 5 |  5.7
Staves         | 1 2 3 4 5 |  5.7
Ranged Weapons | 1 2 3 4 5 |  5.7
Throwing       | 3 4 5 6 |  6.3
Dodging        | 3 4 5 6 |  6.3
Stealth        | 1 2 3 4 5 |  5.7
Shields        | 1 2 3 4 5 |  5.7
Unarmed Combat | 1 2 3 4 5 6 |  6.3
Spellcasting   | 1 2 3 4 5 |  5.7
Conjurations   | 1 2 3 4 |  4.7
Hexes          | 1 2 3 4 |  4.7
Summonings     | 1 2 3 4 |  4.7
Necromancy     | 1 2 3 4 |  4.7
Translocations | 1 2 3 4 |  4.7
Transmutations | 1 2 3 4 |  4.7
Fire Magic     | 1 2 3 4 |  4.7
Ice Magic      | 1 2 3 4 |  4.7
Air Magic      | 1 2 3 4 |  4.7
Earth Magic    | 1 2 3 4 |  4.7
Poison Magic   | 1 2 3 4 |  4.7
Evocations     | 1 2 3 4 5 |  5.7
Long Blades    | 5 6 7 |  7.4
Armour         | 5 6 7 |  7.4
Maces & Flails | 9 10 | 10.3

Action                   |  1- 3 |  4- 6 |  7- 9 | 10-12 || total
-------------------------+-------+-------+-------+-------++-------
Melee: Mace              |    35 |       |       |       ||    35
       Bite              |     4 |     1 |    16 |    12 ||    33
       Trident           |    39 |    27 |   279 |   146 ||   491
       Punch             |       |       |     5 |     5 ||    10
  Use: Potion            |       |       |     5 |     2 ||     7
       Scroll            |       |       |     1 |       ||     1
 Stab: Sleeping          |     1 |     1 |     1 |     1 ||     4
       Paralysed         |       |       |     7 |    18 ||    25
Armor: Ring mail         |    18 |     2 |   104 |    81 ||   205
       Skin              |       |       |    15 |       ||    15
Dodge: Dodged            |    43 |    11 |   165 |   117 ||   336
